 Dungeon Sprint DCSS version 0.20-a0-1009-gc986637 (webtiles) character file.

603 Roshambo the Basher (level 7, -3/63 HPs)
             Began as a Demonspawn Abyssal Knight on Apr 14, 2017.
             Was a High Priest of Lugonu.
             Slain by a vampire (6 damage)
             ... in the Dungeon (Sprint IX: "|||||||||||||||||||||||||||||").
             The game lasted 00:01:00 (525 turns).

Roshambo the Basher (Demonspawn Abyssal Knight)      Turns: 525, Time: 00:01:01

Health: -3/63      AC: 10    Str: 14    XL:     7   Next: 18%
Magic:  0/13       EV: 13    Int: 13    God:    Lugonu [*****.]
Gold:   0          SH:  0    Dex: 16    Spells: 6/6 levels left

rFire    . . .     SeeInvis .   m - +2 dire flail (crush)
rCold    . . .     Gourm    .   (shield currently unavailable)
rNeg     . . .     Faith    .   p - +1 scale mail
rPois    .         Spirit   +   (no helmet)
rElec    .         Reflect  .   n - +0 cloak
rCorr    .         Harm     .   (no gloves)
MR       .....     NoTele   +   o - +0 pair of boots
Stlth    ..........             (no amulet)
Regen    0.2/turn               q - +3 ring of dexterity
MPRegen  0.2/turn               r - +2 ring of evasion

@: very slightly contaminated
A: claws 1, spiny 1, magic shield
a: Bend Space, Banish, Corrupt, Renounce Religion


You were in the Dungeon.
You worshipped Lugonu.
Lugonu was extremely pleased with you.
You were not hungry.

You visited 1 branch

Inventory:

Hand Weapons
 m - a +2 dire flail of crushing (weapon)
Armour
 n - a +0 cloak (worn)
 o - a +0 pair of boots (worn)
 p - a +1 scale mail (worn)
Jewellery
 q - a +3 ring of dexterity (left claw)
 r - a +2 ring of evasion (right claw)
Wands
 l - a wand of acid (7/15)
Scrolls
 i - 2 scrolls of blinking
 j - 3 scrolls of remove curse
 k - 2 scrolls of amnesia
Potions
 e - 2 potions of heal wounds
 f - a potion of haste
 g - 4 potions of magic
 h - 4 potions of curing
Comestibles
 c - a bread ration


   Skills:
 + Level 8.5 Fighting
 * Level 9.3 Maces & Flails
 + Level 4.7 Armour
 + Level 3.8 Dodging
 * Level 8.5 Invocations


You had 6 spell levels left.
You didn't know any spells.

Dungeon Overview and Level Annotations

Branches:
Dungeon (1/1)

Altars:
Cheibriados
Dithmenos
Elyvilon
Fedhas
Gozag
Hepliaklqana
Kikubaaqudgha
Makhleb
Nemelex Xobeh
Okawaru
Qazlal
Ru
Sif Muna
Trog
Uskayaw
Vehumet
Wu Jian
Xom
Yredelemnul
Zin
The Shining One
Beogh
Jiyva
Lugonu


Innate Abilities, Weirdness & Mutations

You have sharp fingernails.
You are partially covered in sharp spines.
When hurt, damage is shared between your health and your magic reserves.


Message History

Something hits you! Something bites you!
Something draws strength from your injuries!
The yak bellows!
You hit something.
You flicker back into view.
The slime creature quivers.
The yak bellows!
The four-headed hydra roars!
You hit something. Something hits you. Something bites you.
* * * LOW HITPOINT WARNING * * *
Something draws strength from your injuries!
You hit something but do no damage. Something hits you.
* * * LOW HITPOINT WARNING * * *
Something bites you but does no damage.
You puncture something! Something hits you but does no damage.
Something bites you but does no damage.
You closely miss something. Something hits you!
* * * LOW HITPOINT WARNING * * *
Something bites you but does no damage.
You barely miss something. Something hits you!
You die... ▓▓▓▓▓▓▓▓▓▓▓▓▓▓▓▓▓▓▓▓▓▓▓▓ '..|)....['.)...@'JDYFl. ▓▓▓▓▓▓▓▓▓▓▓▓▓▓▓▓▓▓▓▓▓▓▓▓

You could see a four-headed hydra, a slime creature, a yak, a bullfrog and an iguana.

Vanquished Creatures
  A troll (D)
  A yak (D)
  An ogre (D)
  A hound (D)
  A jelly (D)
  3 worker ants (D)
  A shadow imp (D)
  A dart slug (D)
  2 bats (D)
  A bat skeleton (D)
  A hobgoblin (D)
  A jackal (D)
  A rat (D)
16 creatures vanquished.

Notes
Turn   | Place    | Note
-------+----------+-------------------------------------------
     0 | D        | Roshambo the Demonspawn Abyssal Knight began the quest for the Orb.
     0 | D        | Reached XP level 1. HP: 18/18 MP: 2/2
     7 | D        | Reached skill level 2 in Maces & Flails
     8 | D        | Reached ** piety under Lugonu
   230 | D        | Noticed a worker ant
   230 | D        | Noticed a hound
   230 | D        | Noticed a worker ant
   237 | D        | Killed a worker ant
   237 | D        | Reached *** piety under Lugonu
   237 | D        | Reached skill level 3 in Maces & Flails
   237 | D        | Reached skill level 1 in Dodging
   237 | D        | Gained mutation: You have sharp fingernails. [demonic ancestry]
   237 | D        | Reached XP level 2. HP: 26/26 MP: 5/5
   237 | D        | Gained mutation: When hurt, damage is shared between your health and your magic reserves. [demonic ancestry]
   237 | D        | Reached XP level 3. HP: 32/32 MP: 6/6
   244 | D        | Reached skill level 5 in Fighting
   244 | D        | Reached skill level 4 in Maces & Flails
   259 | D        | Reached **** piety under Lugonu
   259 | D        | Reached skill level 5 in Invocations
   259 | D        | Reached XP level 4. HP: 13/40 MP: 4/7
   288 | D        | Found a roughly hewn altar of Beogh.
   288 | D        | Found a snail-covered altar of Cheibriados.
   288 | D        | Found a shadowy altar of Dithmenos.
   288 | D        | Found a white marble altar of Elyvilon.
   288 | D        | Found a blossoming altar of Fedhas.
   288 | D        | Found an opulent altar of Gozag.
   289 | D        | Found a hazy altar of Hepliaklqana.
   290 | D        | Found a viscous altar of Jiyva.
   291 | D        | Found an ancient bone altar of Kikubaaqudgha.
   292 | D        | Found a corrupted altar of Lugonu.
   293 | D        | Found a burning altar of Makhleb.
   294 | D        | Found a sparkling altar of Nemelex Xobeh.
   295 | D        | Found an iron altar of Okawaru.
   296 | D        | Found a stormy altar of Qazlal.
   297 | D        | Found a sacrificial altar of Ru.
   298 | D        | Found a deep blue altar of Sif Muna.
   299 | D        | Found a bloodstained altar of Trog.
   300 | D        | Found a hide-covered altar of Uskayaw.
   301 | D        | Found a radiant altar of Vehumet.
   302 | D        | Found an ornate altar of the Wu Jian Council.
   303 | D        | Found a shimmering altar of Xom.
   304 | D        | Found a basalt altar of Yredelemnul.
   305 | D        | Found a glowing silver altar of Zin.
   306 | D        | Found a glowing golden altar of the Shining One.
   487 | D        | Noticed a troll
   487 | D        | Noticed a yak
   487 | D        | Noticed an ogre
   494 | D        | Killed a troll
   494 | D        | Reached skill level 7 in Maces & Flails
   494 | D        | Reached XP level 5. HP: 21/48 MP: 4/10
   494 | D        | Gained mutation: You are partially covered in sharp spines. [demonic ancestry]
   494 | D        | Reached XP level 6. HP: 25/55 MP: 4/11
   498 | D        | Reached skill level 8 in Maces & Flails
   503 | D        | Killed a yak
   503 | D        | Reached XP level 7. HP: 30/63 MP: 5/13
   504 | D        | Reached skill level 9 in Maces & Flails
   510 | D        | Reached ***** piety under Lugonu
   516 | D        | Noticed a vampire
   516 | D        | Noticed a slime creature
   516 | D        | Noticed a yak
   516 | D        | Noticed a four-headed hydra
   524 | D        | HP: 3/63 [something (8)]
   525 | D        | Slain by a vampire

Vault maps used:
D:        linesprint

Skill      XL: |  1  2  3  4  5  6  7 |
---------------+----------------------+-----
Maces & Flails | 3 4 7 8 9 |  9.3
Armour         | 2 3 4 |  4.7
Invocations    | 4 5 7 8 |  8.5
Fighting       | 4 5 7 8 |  8.5
Dodging        | 1 3 |  3.8

Action                   |  1- 3 |  4- 6 |  7- 9 || total
-------------------------+-------+-------+-------++-------
Melee: Mace              |    42 |       |       ||    42
       Dire flail        |       |    14 |    14 ||    28
  Use: Potion            |     2 |     1 |     1 ||     4
 Stab: Invisible         |       |     4 |     1 ||     5
Armor: Leather armour    |    18 |       |       ||    18
       Scale mail        |       |     4 |     4 ||     8
Dodge: Dodged            |    24 |    17 |     3 ||    44
